 Dungeon Crawl Stone Soup version 0.26.1-11-gd32895ea62 (webtiles) character file.

Game seed: 3969099521703285100

1938 worthlessgem the Geomancer (level 9, 65/65 HPs)
             Began as a Formicid Earth Elementalist on Sept 20, 2021.
             Was a Priest of Elyvilon (penitent).
             Quit the game on level 7 of the Dungeon on Sept 21, 2021.
             The game lasted 00:59:26 (10023 turns).

worthlessgem the Geomancer (FoEE)                  Turns: 10023, Time: 00:59:26

Health: 65/65      AC:  5    Str: 15    XL:     9   Next: 40%
Magic:  8/24       EV: 11    Int: 16    God:    Elyvilon [*]
Gold:   437        SH:  0    Dex: 11    Spells: 1/16 levels left

rFire    . . .     SeeInvis +   a - +7 flail "Lycaokio" {chaos, *Noise Fragile rElec MP+9}
rCold    . . .     Faith    .   (no shield)
rNeg     . . .     Spirit   .   d - +1 leather armour {Will+}
rPois    .         Reflect  .   (helmet unavailable)
rElec    +         Harm     .   (no cloak)
rCorr    .         Rampage  .   C - +0 pair of gloves
Will     +....                  (no boots)
Stlth    ++........             (no amulet)
HPRegen  0.20/turn              D - +4 ring of slaying
MPRegen  0.19/turn              (no ring)

@: no status effects
A: permanent stasis, dig shafts and tunnels, four strong arms, antennae 3
a: Dig, Shaft Self, Renounce Religion


You were on level 7 of the Dungeon.
You worshipped Elyvilon.
Elyvilon was demanding penance.
You visited 2 branches of the dungeon, and saw 8 of its levels.

You collected 437 gold pieces.

Inventory:

Hand Weapons
 a - the +7 flail "Lycaokio" (weapon) {chaos, *Noise Fragile rElec MP+9}
   (You found it on level 7 of the Dungeon)

   Each time it hits an enemy it has a different, random effect.
   It insulates you from electricity.
   It affects your magic capacity (+9).
   It may make noises in combat.
   It will be destroyed if unequipped.
   Elyvilon disapproves of the use of such an item.
 z - a +0 rapier
 E - a -1 hunting sling
Missiles
 b - 138 stones (quivered)
 m - 6 curare-tipped darts
Armour
 d - a +1 leather armour of willpower (worn)
 C - a +0 pair of gloves (worn)
Jewellery
 x - an uncursed ring of fire
 D - a +4 ring of slaying (left hand)
Wands
 u - a wand of paralysis (8)
 A - a wand of enslavement (7)
 B - a wand of polymorph (5)
Scrolls
 e - a scroll of magic mapping
 f - 10 scrolls of identify
 g - 4 scrolls of remove curse
 h - 2 scrolls of noise {unknown}
 i - a scroll of fog {unknown}
 j - 5 scrolls of amnesia {unknown}
 l - 3 scrolls of fear {unknown}
 p - a scroll of immolation {unknown}
 v - a scroll of enchant weapon {unknown}
 w - 2 scrolls of random uselessness {unknown}
 y - 4 scrolls of teleportation {unknown}
Potions
 k - a potion of flight {unknown}
 n - a potion of brilliance {unknown}
 o - a potion of invisibility {unknown}
 q - a potion of magic {unknown}
 r - 6 potions of curing {unknown}
 s - a potion of heal wounds {unknown}
 t - a potion of lignification {unknown}


   Skills:
 + Level 3.8 Fighting
 - Level 4.0 Short Blades
 - Level 1.7 Dodging
 - Level 5.0 Stealth
 - Level 4.2 Spellcasting
 - Level 2.7 Conjurations
 + Level 2.4 Transmutations
 * Level 8.8 Earth Magic
 - Level 5.0 Invocations


You had one spell level left.
You knew the following spells:

 Your Spells              Type           Power        Failure   Level
a - Sandblast             Erth           62%          1%          1
b - Passwall              Tmut/Erth      17%          3%          2
c - Stone Arrow           Conj/Erth      42%          5%          3
d - Lee's Rapid Deconstr  Erth           15%          16%         5
e - Petrify               Tmut/Erth      21%          21%         4

Your spell library contained the following spells:

 Spells                   Type           Power        Failure   Level


Dungeon Overview and Level Annotations

Branches:
Dungeon (7/15)             Temple (1/1) D:6

Altars:
Ashenzari
Cheibriados
Dithmenos
Elyvilon
Gozag
Hepliaklqana
Makhleb
Nemelex Xobeh
Okawaru
Qazlal
Ru
Uskayaw
Vehumet
Wu Jian
Yredelemnul
Zin
The Shining One

Shops:
D:4 [

Annotations:
D:6 1 runed translucent door, RipUnclePhilFR's ghost, novice TrHu


Innate Abilities, Weirdness & Mutations

You cannot be hasted, slowed, berserked, paralysed or teleported.
You can dig through walls and to a lower floor.
Your four strong arms can wield two-handed weapons with a shield.
You have a pair of large antennae on your head. (SInv)


Message History

Press: ? - help, Shift-Dir - straight line, f - bullfrog
Aim: a bullfrog (asleep, 0% to evade)
The stone arrow hits the bullfrog!
The bullfrog is moderately wounded.
The bullfrog croaks.
Casting: Stone Arrow (dangerous; 6% risk of failure)
Confirm with . or Enter, or press ? or * to list all spells.
Aiming: Stone Arrow (dangerous; 6% risk of failure)
Press: ? - help, Shift-Dir - straight line, f/p - bullfrog
Aim: a bullfrog (moderately wounded, 36% to evade)
The stone arrow hits the bullfrog!
The bullfrog is almost dead.
The bullfrog misses you.
Really attack while wielding the +7 flail "Lycaokio" {chaos, *Noise Fragile rElec MP+9}?
This could place you under penance!
You feel guilty. "You will pay for your transgression, mortal!"
You sock the bullfrog!
The bullfrog seems to slow down.
You freeze the bullfrog.
You kill the bullfrog!
Are you sure you want to abandon this character and quit the game? (Confirm with "yes".)

....#...... ...(#.....#
.. . .........###. . ..##
..##......... ...
....####..##.........
....#......#.# ##........
......##....#####........
#....†##..##...........
#..###@........#....... #
###..######....... ####
####.... #.### ### #


There were no monsters in sight!

Vanquished Creatures
  Grinder (D:4)
  A wyvern (D:4)
  Sigmund (D:4)
  Edmund (D:4)
  An orc warrior (D:6)
  A centaur (D:5)
  4 ogres
  2 bullfrogs
  2 howler monkeys
  A bullfrog zombie (D:6)
  A hound (D:2)
  A centaur skeleton (D:4)
  3 orc priests
  A bullfrog skeleton (D:6)
  An iguana (D:4)
  2 orc wizards (D:5)
  2 worker ants
  A killer bee zombie (D:7)
  4 gnolls
  7 adders
  An ufetubus (D:6)
  An adder skeleton (D:4)
  An adder zombie (D:6)
  2 worms
  2 dart slugs
  2 leopard geckos
  20 orcs
  4 giant cockroaches
  14 goblins
  11 hobgoblins
  7 jackals (D:3)
  6 kobolds
  4 quokkas
  4 ball pythons
  5 bats
  6 frilled lizards
  A giant cockroach zombie (D:5)
  3 leopard gecko skeletons (D:4)
  11 rats
143 creatures vanquished.

Vanquished Creatures (collateral kills)
  A gnoll (D:4)
  2 orcs (D:4)
3 creatures vanquished.

Vanquished Creatures (others)
  An orc wizard (D:4)
  A gnoll (D:4)
  A frilled lizard (D:4)
  2 plants (D:2)
5 creatures vanquished.

Grand Total: 151 creatures vanquished

Notes
Turn   | Place    | Note
-------+----------+-------------------------------------------
     0 | D:1      | worthlessgem the Formicid Earth Elementalist began the
                  | quest for the Orb.
     0 | D:1      | Reached XP level 1. HP: 13/13 MP: 3/3
   332 | D:1      | Reached skill level 4 in Earth Magic
   358 | D:1      | Reached XP level 2. HP: 11/19 MP: 3/5
   660 | D:1      | Learned a level 2 spell: Passwall
   851 | D:1      | Found a snail-covered altar of Cheibriados.
   865 | D:1      | Reached XP level 3. HP: 24/24 MP: 7/7
  1679 | D:2      | Found a hide-covered altar of Uskayaw.
  1883 | D:2      | Reached skill level 1 in Fighting
  1886 | D:2      | Reached XP level 4. HP: 30/32 MP: 5/8
  2266 | D:2      | Reached skill level 5 in Earth Magic
  2399 | D:2      | Learned a level 3 spell: Stone Arrow
  2441 | D:2      | Reached skill level 1 in Conjurations
  2441 | D:2      | Reached XP level 5. HP: 18/38 MP: 6/9
  2618 | D:2      | Found a burning altar of Makhleb.
  3614 | D:3      | Found a radiant altar of Vehumet.
  3639 | D:3      | Found a white marble altar of Elyvilon.
  3654 | D:3      | Became a worshipper of Elyvilon the Healer
  4750 | D:4      | Noticed Sigmund
  4806 | D:4      | Noticed a wyvern
  4844 | D:4      | Noticed Grinder
  4966 | D:4      | Reached * piety under Elyvilon
  5044 | D:4      | Found Qaus's Armour Boutique.
  5104 | D:4      | Reached XP level 6. HP: 46/46 MP: 6/10
  5245 | D:4      | Learned a level 5 spell: Lee's Rapid Deconstruction
  5295 | D:4      | Noticed Edmund
  5763 | D:5      | Entered Level 5 of the Dungeon
  5763 | D:5      | Noticed an ogre
  5931 | D:5      | Noticed an ogre
  5994 | D:5      | Killed an ogre
  5995 | D:5      | Reached skill level 6 in Earth Magic
  6085 | D:5      | Reached skill level 7 in Earth Magic
  6085 | D:5      | Reached XP level 7. HP: 42/52 MP: 5/11
  6167 | D:5      | Reached ** piety under Elyvilon
  6880 | D:5      | Reached skill level 1 in Short Blades
  7194 | D:5      | Reached XP level 8. HP: 58/58 MP: 5/12
  7420 | D:6      | Found a staircase to the Ecumenical Temple.
  7488 | D:6      | Reached skill level 8 in Earth Magic
  7497 | Temple   | Entered the Ecumenical Temple
  7866 | D:6      | Reached skill level 1 in Invocations
  8499 | D:4      | Killed Grinder
  8500 | D:4      | Reached skill level 5 in Stealth
  8592 | D:4      | Killed Sigmund
  8668 | D:4      | Reached skill level 5 in Invocations
  8668 | D:4      | Reached XP level 9. HP: 57/63 MP: 6/13
  8730 | D:4      | Learned a level 4 spell: Petrify
  8900 | D:4      | Killed Edmund
  9193 | D:6      | Found a runed translucent door.
  9196 | D:6      | Noticed RipUnclePhilFR's ghost (novice TrHu)
  9950 | D:7      | Found a sparkling altar of Nemelex Xobeh.
  9973 | D:7      | Reached *** piety under Elyvilon
 10004 | D:7      | Identified the +7 flail "Lycaokio" {chaos, *Noise Fragile
                  | rElec MP+9} (You found it on level 7 of the Dungeon)
 10022 | D:7      | Was placed under penance by Elyvilon
 10023 | D:7      | Quit the game

Illustrated notes

Levels and vault maps discovered:
D:1:      evilmike_arrival_fibonacci_small, layout_loops_ring,
          cheibriados_altar_1
D:2:      layout_loops_ring, lemuel_coloured_pillars_altar,
          makhleb_blood_cavern_becter, serial_bayou_pond_b
D:3:      layout_loops_cross, general_overflow_altar, elyvilon_altar_5
D:4:      layout_basic, serial_shops, nicolae_shop_trees, uniq_edmund,
          uniq_sigmund, uniq_grinder
D:5:      layout_basic
D:6:      layout_loops_cross, temple_pool_b, ebering_ghost_reflecting_pool
D:7:      layout_layer_cave, nemelex_xobeh_ov_fountains_minmay, serial_shops,
          shop, ebering_ghost_gozag
Temple:   jpeg_temple_clearing

Skill      XL: |  1  2  3  4  5  6  7  8  9 |
---------------+----------------------------+-----
Earth Magic    | 4 5 7 8 |  8.8
Spellcasting   | 3 4 |  4.2
Fighting       | 1 2 3 |  3.8
Conjurations   | 1 2 |  2.7
Short Blades   | 1 4 |  4.0
Stealth        | 3 5 |  5.0
Invocations    | 5 |  5.0
Transmutations | 2 |  2.4
Dodging        | |  1.7

Action                   |  1- 3 |  4- 6 |  7- 9 || total
-------------------------+-------+-------+-------++-------
Melee: Dagger            |    50 |       |       ||    50
       Unarmed           |    18 |       |       ||    18
       Falchion          |    17 |   159 |       ||   176
       Short sword       |    15 |       |     4 ||    19
       Rapier            |       |    11 |    49 ||    60
       Flail             |       |       |     1 ||     1
 Fire: Hunting sling     |       |       |    11 ||    11
Throw: Stone             |     1 |     1 |     4 ||     6
 Cast: Sandblast         |     8 |    33 |    38 ||    79
       Passwall          |     4 |    27 |     6 ||    37
       Stone Arrow       |       |     4 |    34 ||    38
       Petrify           |       |       |     1 ||     1
Invok: Heal Other        |       |       |     3 ||     3
 Abil: Dig               |    18 |    17 |     4 ||    39
Evoke: Wand              |       |       |     6 ||     6
  Use: Scroll            |       |       |     4 ||     4
 Stab: Sleeping          |     5 |     8 |     2 ||    15
       Petrified         |       |       |     4 ||     4
Armor: Robe              |    18 |    36 |     4 ||    58
       Leather armour    |       |       |     2 ||     2
Dodge: Dodged            |    57 |   161 |    40 ||   258
       Rpst.: Falchion   |     2 |    60 |       ||    62
